 Dungeon Crawl Stone Soup version 0.27.1-16-g815e20cd7a (console) character file.

Game seed: 6369805582011490025

23219 MikZyth the Shatterer (level 12, -17/91 HPs)
             Began as a Minotaur Berserker on Nov 21, 2021.
             Was an Elder of Trog.
             Demolished by an ettin (20 damage)
             ... on level 13 of the Dungeon.
             The game lasted 01:45:23 (14756 turns).

MikZyth the Shatterer (Minotaur Berserker)         Turns: 14756, Time: 01:45:24

Health: -17/91     AC: 21    Str: 26    XL:     12   Next: 69%
Magic:  11/11      EV:  8    Int:  4    God:    Trog [****..]
Gold:   636        SH:  0    Dex: 15    Spells: 11/11 levels left

rFire    + . .     SeeInvis .   Y - +7 dire flail "Duoraoc" {vorpal, Dex+4}
rCold    + . .     Faith    .   (shield currently unavailable)
rNeg     . . .     Spirit   .   L - +0 plate armour
rPois    .         Reflect  .   (helmet restricted)
rElec    .         Harm     .   z - scarf {rC+ rF+}
rCorr    +         Rampage  .   p - +1 pair of gloves
Will     ++...                  S - +0 pair of boots
Stlth    ..........             K - amulet of regeneration
HPRegen  2.25/turn              d - +4 ring of protection
MPRegen  0.12/turn              h - ring of resist corrosion

@: strong-willed, regenerating
A: horns 2, retaliatory headbutt
a: Renounce Religion, Berserk, Trog's Hand, Brothers in Arms


You were on level 13 of the Dungeon.
You worshipped Trog.
Trog was greatly pleased with you.
You visited 2 branches of the dungeon, and saw 14 of its levels.

You collected 840 gold pieces.
You spent 204 gold pieces at shops.

Inventory:

Hand Weapons
 Y - the +7 dire flail "Duoraoc" (weapon) {vorpal, Dex+4}
   (Trog gifted it to you on level 12 of the Dungeon)

   It inflicts extra damage upon your enemies.
   Dex:       It affects your dexterity (+4).
Armour
 p - a +1 pair of gloves (worn)
 z - a scarf of resistance (worn)
 I - +0 steam dragon scales
 L - a +0 plate armour (worn)
 S - a +0 pair of boots (worn)
Jewellery
 b - a ring of flight
 d - a +4 ring of protection (left hand)
 h - a ring of resist corrosion (right hand)
 K - an amulet of regeneration (around neck)
Wands
 n - a wand of iceblast (2)
 t - a wand of paralysis (16)
 x - a wand of mindburst (24)
 y - a wand of flame (23)
 C - a wand of polymorph (12)
 F - a wand of charming (6)
Scrolls
 m - 4 scrolls of teleportation
 A - 2 scrolls of fear
 D - 4 scrolls of immolation
 E - a scroll of fog
 Q - a scroll of summoning
 U - a scroll of silence
 V - a scroll of magic mapping {unknown}
 W - 2 scrolls of amnesia {unknown}
Potions
 c - 2 potions of degeneration {unknown}
 e - 2 potions of resistance {unknown}
 f - 2 potions of haste {unknown}
 i - 2 potions of attraction {unknown}
 k - 3 potions of might {unknown}
 o - a potion of lignification {unknown}
 q - a potion of ambrosia {unknown}
 u - 4 potions of curing
 w - 2 potions of brilliance {unknown}
 R - 2 potions of mutation {unknown}
Miscellaneous
 Z - a lightning rod (4/4)


   Skills:
 - Level 4.0 Fighting
 - Level 21.2 Maces & Flails
 * Level 9.0 Armour
 - Level 2.3 Dodging
 + Level 3.9 Evocations


You had 11 spell levels left.
You didn't know any spells.
Your spell library was empty.

Dungeon Overview and Level Annotations

Branches:
Dungeon (13/15)            Temple (1/1) D:5            Lair (0/6) D:9
    Orc (0/2) D:12         Vaults (0/5) D:13

Altars:
Ashenzari
Cheibriados
Dithmenos
Elyvilon
Fedhas
Gozag
Hepliaklqana
Kikubaaqudgha
Makhleb
Nemelex Xobeh
Okawaru
Qazlal
Ru
Sif Muna
Trog
Uskayaw
Vehumet
Wu Jian
Xom
Yredelemnul
Zin
The Shining One

Shops:
D:10 *:((:

Annotations:
D:6 3 runed translucent doors, Vyran's ghost, novice DrCj; Walther's ghost, novice MiFi; bobkasz2's ghost, novice DrFi; makewrite's ghost, novice MiMo; weresquid's ghost, novice OpGl
D:8 2 runed translucent doors, Sopaderocas's ghost, novice HOMo


Innate Abilities, Weirdness & Mutations

You have a pair of horns on your head.
You reflexively headbutt those who attack you in melee.


Message History

You bump into the metal wall.
The sphinx casts a spell.
Something smites you! The ettin hits you but does no damage.
The ettin closely misses you.
You thump the ettin!
The ettin is moderately wounded.
The ettin hits you but does no damage.
The ettin hits you with a +0 dire flail.
You barely miss the ettin.
The ettin is lightly wounded.
You feel less confused.
The sphinx casts a spell.
You are confused.
You see here 31 stones.
You puncture the ettin!
The ettin is moderately wounded.
The ettin hits you but does no damage. The ettin barely misses you.
The ettin hits you but does no damage.
The ettin hits you with a +0 dire flail!!
You are too confused!
The ettin hits you with a +0 dire flail!
The ettin hits you but does no damage.
You feel less confused.
The sphinx hits you but does no damage. x2; The sphinx barely misses you.
The ettin hits you with a +0 dire flail!
The ettin hits you but does no damage. The sphinx hits you.
The sphinx hits you but does no damage. The sphinx hits you.
Your skin crawls.
You feel strong-willed.
The ettin hits you with a +0 dire flail!
* * * LOW HITPOINT WARNING * * *
The ettin hits you with a +0 dire flail.
* * * LOW HITPOINT WARNING * * *
The sphinx hits you but does no damage. x3
Your two-headed ogre goes berserk!
Trog will no longer gift you weapons.
The ettin hits you with a +0 dire flail!
* * * LOW HITPOINT WARNING * * *
The ettin hits you with a +0 dire flail!!
You die...

.........###}[#...#............#.
..##.....# ):#..H'............#.
..##.....##########............#.
................#..............+.
................#..............#.
................#......##......#.
####'############(.....##......#.
...............#CH.............#.
...............#@..........
...............#O..........
...............#...........
...............'...........
#########'#################
................(........
....##...####..#.......##
.........# #..#.......#
.........# #..#.......#


You could see a sphinx, an ettin (ally target) and a friendly two-headed ogre
(summoned, berserk).

Vanquished Creatures
  A very ugly thing (D:12)
  A yaktaur captain (D:13)
  3 hydras
  A boulder beetle (D:12)
  2 two-headed ogres
  An ogre mage (D:12)
  A flayed ghost (D:12)
  An orc knight (D:13)
  2 deep elf pyromancers (D:13)
  An ugly thing (D:10)
  4 cyclopes
  A manticore (D:12)
  2 unseen horrors
  3 yaktaurs
  A hornet (D:11)
  A blink frog (shapeshifter) (D:13)
  5 wraiths
  3 shadows
  10 fire bats (D:12)
  12 yaks
  4 wyverns
  2 basilisks
  A steam dragon (D:7)
  2 acid dragons
  4 water moccasins (D:9)
  Duvessa (D:5)
  A sky beast (D:8)
  4 black bears
  2 ice beasts
  The ghost of DenSaoPin the Chopper, an amateur HOMo of Beogh (D:2)
  3 orc warriors
  2 centaurs
  2 wolves (D:9)
  An ogre (D:4)
  A phantom (D:5)
  3 kobold brigands
  5 bullfrogs
  A wyvern zombie (D:7)
  Dowan (D:5)
  2 gnoll sergeants
  A scorpion (D:5)
  A wyvern skeleton (D:4)
  20 killer bees
  A water moccasin skeleton (D:7)
  5 wights (D:8)
  A howler monkey (D:12)
  2 lava snakes (D:8)
  2 centaur zombies
  A jelly (D:5)
  2 orc priests
  2 centaur skeletons
  4 hounds
  An iguana (D:6)
  Ijyb (D:5)
  A scorpion zombie (D:5)
  11 orc wizards
  A statue (D:10)
  2 killer bee zombies
  8 gnolls
  5 adders
  A shadow imp (D:7)
  A white imp (D:6)
  2 worms
  A dart slug (D:1)
  31 orcs
  63 bats
  9 endoplasms
  A giant cockroach (D:2)
  8 goblins
  5 hobgoblins
  6 jackals
  26 kobolds
  4 quokkas
  6 ball pythons
  6 frilled lizards
  A quokka skeleton (D:4)
  8 rats
350 creatures vanquished.

Vanquished Creatures (collateral kills)
  Maggie (D:8)
  A centaur (D:8)
  An orc priest (D:8)
  An orc (D:8)
4 creatures vanquished.

Vanquished Creatures (others)
  2 bushes (D:8)
  3 fungi (D:9)
  25 plants (D:9)
30 creatures vanquished.

Grand Total: 384 creatures vanquished

Notes
Turn   | Place    | Note
-------+----------+-------------------------------------------
     0 | D:1      | MikZyth the Minotaur Berserker began the quest for the Orb.
     0 | D:1      | Reached XP level 1. HP: 19/19 MP: 0/0
    86 | D:1      | Reached XP level 2. HP: 16/27 MP: 1/1
   224 | D:1      | Reached skill level 4 in Maces & Flails
   537 | D:1      | Reached ** piety under Trog
   595 | D:1      | Reached XP level 3. HP: 33/33 MP: 2/2
  1046 | D:2      | Reached skill level 5 in Maces & Flails
  1578 | D:2      | Reached XP level 4. HP: 37/40 MP: 3/3
  1697 | D:3      | Noticed a kobold brigand
  1697 | D:3      | Noticed DenSaoPin's ghost (amateur HOMo)
  1697 | D:3      | Found a runed translucent gate.
  1697 | D:3      | Found a runed translucent gate.
  1697 | D:3      | Found a runed translucent gate.
  1705 | D:3      | You fall into a shaft and drop 1 floor!
  1714 | D:4      | Reached *** piety under Trog
  2086 | D:3      | Reached skill level 6 in Maces & Flails
  2355 | D:4      | Noticed an ogre
  2373 | D:4      | Killed an ogre
  2374 | D:4      | Reached skill level 7 in Maces & Flails
  2374 | D:4      | Reached XP level 5. HP: 46/46 MP: 4/4
  3026 | D:4      | Identified the +7 hunting sling of Armageddon {venom,
                  | Int+8}
  3679 | D:5      | Entered Level 5 of the Dungeon
  3826 | D:5      | Found a staircase to the Ecumenical Temple.
  3826 | D:5      | Noticed Ijyb
  3833 | D:5      | Killed Ijyb
  3834 | D:5      | Reached skill level 8 in Maces & Flails
  3834 | D:5      | Reached XP level 6. HP: 52/52 MP: 5/5
  3844 | Temple   | Entered the Ecumenical Temple
  4056 | D:5      | Reached skill level 9 in Maces & Flails
  4060 | D:5      | Noticed Duvessa
  4064 | D:5      | Noticed Dowan
  4076 | D:5      | Killed Duvessa
  4077 | D:5      | Reached XP level 7. HP: 59/59 MP: 6/6
  4091 | D:5      | Reached skill level 10 in Maces & Flails
  4105 | D:5      | Killed Dowan
  4858 | D:5      | Reached skill level 11 in Maces & Flails
  4859 | D:5      | Reached XP level 8. HP: 45/66 MP: 3/7
  5134 | D:6      | Reached skill level 12 in Maces & Flails
  5365 | D:6      | Found a runed translucent gate.
  5365 | D:6      | Found a runed translucent gate.
  5365 | D:6      | Found a runed translucent gate.
  5365 | D:6      | Noticed Walther's ghost (novice MiFi)
  5365 | D:6      | Noticed makewrite's ghost (novice MiMo)
  5366 | D:6      | Noticed weresquid's ghost (novice OpGl)
  5366 | D:6      | Noticed Vyran's ghost (novice DrCj)
  5366 | D:6      | Noticed bobkasz2's ghost (novice DrFi)
  5422 | D:6      | Found a bloodstained altar of Trog.
  5880 | D:2      | Killed DenSaoPin's ghost
  5880 | D:2      | Reached **** piety under Trog
  6286 | D:7      | Reached skill level 13 in Maces & Flails
  6729 | D:7      | Reached XP level 9. HP: 71/71 MP: 8/8
  6975 | D:8      | Found a blossoming altar of Fedhas.
  6981 | D:8      | Reached skill level 14 in Maces & Flails
  7007 | D:8      | Noticed Maggie
  7335 | D:8      | Killed Maggie
  7453 | D:8      | Found a large runed translucent door.
  7453 | D:8      | Found a large runed translucent door.
  7453 | D:8      | Noticed Sopaderocas's ghost (novice HOMo)
  7692 | D:8      | Found a hide-covered altar of Uskayaw.
  7715 | D:8      | Reached skill level 15 in Maces & Flails
  8655 | D:9      | Reached skill level 16 in Maces & Flails
  8667 | D:9      | Reached XP level 10. HP: 61/78 MP: 9/9
  8815 | D:9      | Found a staircase to the Lair.
  9076 | D:9      | Reached ***** piety under Trog
  9156 | D:9      | Reached skill level 17 in Maces & Flails
  9924 | D:10     | Entered Level 10 of the Dungeon
  9930 | D:10     | Found Deqa Jocra's Antique Weapon Shop.
  9947 | D:10     | Noticed a green ugly thing
  9964 | D:10     | Killed a green ugly thing
  9965 | D:10     | Reached skill level 1 in Evocations
 10168 | D:10     | Found a radiant altar of Vehumet.
 10267 | D:10     | Found Meadink's Book Shop.
 10320 | D:10     | Found an iron altar of Okawaru.
 10326 | D:10     | Found a shimmering blue altar of Sif Muna.
 10365 | D:10     | Found Apsu's Weapon Shoppe.
 10432 | D:10     | Reached skill level 18 in Maces & Flails
 10498 | D:10     | Found Zyalis's Book Emporium.
 10588 | D:10     | Found Umuqorph's Assorted Antiques.
 10594 | D:10     | Bought a scroll of identify for 44 gold pieces
 10594 | D:10     | Bought a pair of boots for 99 gold pieces
 10606 | D:10     | Bought 2 coppery potions for 39 gold pieces
 10606 | D:10     | Bought a scroll labelled SYRE NOGAVUBLA for 22 gold pieces
 10867 | D:10     | Found a broken altar of Ashenzari.
 11043 | D:11     | Noticed a two-headed ogre
 11062 | D:11     | Killed a two-headed ogre
 11063 | D:11     | Reached XP level 11. HP: 84/84 MP: 10/10
 11203 | D:11     | Found an ornate altar of the Wu Jian Council.
 11630 | D:11     | Reached skill level 19 in Maces & Flails
 12010 | D:12     | Found a staircase to the Orcish Mines.
 12020 | D:12     | Noticed a seven-headed hydra
 12028 | D:12     | Killed a seven-headed hydra
 12154 | D:12     | Noticed a two-headed ogre
 12175 | D:12     | Killed a two-headed ogre
 12178 | D:12     | Received a gift from Trog
 12225 | D:12     | Noticed a boulder beetle
 12263 | D:12     | Killed a boulder beetle
 12345 | D:12     | Reached skill level 20 in Maces & Flails
 12669 | D:12     | Noticed a seven-headed hydra
 12695 | D:11     | Killed a seven-headed hydra
 12926 | D:12     | Found a burning altar of Makhleb.
 13001 | D:12     | Found a runed translucent door.
 13040 | D:12     | Noticed a flayed ghost
 13047 | D:12     | Found a broken altar of Ashenzari.
 13049 | D:12     | Found a hazy altar of Hepliaklqana.
 13068 | D:12     | Found a bloodstained altar of Trog.
 13075 | D:12     | Reached XP level 12. HP: 88/91 MP: 11/11
 13169 | D:12     | Found an ornate altar of the Wu Jian Council.
 13211 | D:12     | Found a sacrificial altar of Ru.
 13213 | D:12     | Identified the +7 dire flail "Duoraoc" {vorpal, Dex+4}
                  | (Trog gifted it to you on level 12 of the Dungeon)
 13213 | D:12     | Received a gift from Trog
 13257 | D:12     | Reached skill level 21 in Maces & Flails
 14301 | D:13     | Noticed a yaktaur captain
 14312 | D:13     | Reached skill level 5 in Armour
 14317 | D:13     | Killed a yaktaur captain
 14327 | D:13     | Found a gate to the Vaults.
 14439 | D:13     | Noticed a cyan very ugly thing
 14439 | D:13     | Noticed an ogre mage
 14439 | D:13     | Noticed a five-headed hydra
 14488 | D:12     | Killed a cyan very ugly thing
 14538 | D:12     | Killed a five-headed hydra
 14573 | D:12     | Killed an ogre mage
 14728 | D:13     | Noticed a sphinx
 14728 | D:13     | Noticed an ettin
 14756 | D:13     | HP: 3/91 [ettin (15)]
 14756 | D:13     | Demolished by an ettin

Illustrated notes

Levels and vault maps discovered:
D:1:      dpeg_arrival_tiny_h, layout_rooms
D:2:      layout_basic, wad_orctagon
D:3:      layout_basic, gammafunk_ghost_nasty_kobolds
D:4:      layout_gridville
D:5:      layout_gridville, minmay_temple_entry_fiery, grunt_decor_mini_mirrors,
          minmay_circle_x, uniq_duvessa, uniq_ijyb
D:6:      layout_rooms, mainiacjoe_overflow_boulevard, gammafunk_ghost_cemetery
D:7:      layout_rooms
D:8:      layout_loops_corners, amcnicky_altar_gilded,
          fedhas_bush_and_centaur_altar, ebering_ghost_disaster_area,
          chequers_serial_rivers_micro_e, kennysheep_generic_room_5, uniq_maggie
D:9:      layout_loops_corners, minmay_lair_entry_grove, minivault_26
D:10:     layout_stronghold, vehumet_statue, minitemple, serial_shops,
          nicolae_square_shop, nicolae_shop_trees,
          nicolae_shop_temple_entry_statues_fountains, nicolae_shop_statue_plus,
          nicolae_diamond_shop
D:11:     layout_roguey, nicolae_wu_jian_wuxing_cycle
D:12:     due_megacathedral, layout_stronghold, orc_0_dummy
D:13:     minmay_shrinking_squares, layout_stronghold, david_vaults_2
Temple:   eino_wide_crystal_templ

Skill      XL: |  1  2  3  4  5  6  7  8  9 10 11 12 |
---------------+-------------------------------------+-----
Fighting       | 4 |  4.0
Maces & Flails | 4 5 7 8 9 11 13 16 18 20 21 | 21.2
Evocations     | 1 2 3 |  3.9
Armour         | 9 |  9.0
Dodging        | |  2.3

Action                   |  1- 3 |  4- 6 |  7- 9 | 10-12 || total
-------------------------+-------+-------+-------+-------++-------
Melee: Mace              |    84 |       |       |       ||    84
       Headbutt          |    12 |    13 |    49 |   103 ||   177
       Morningstar       |    23 |    87 |   241 |   449 ||   800
       Dire flail        |       |       |       |    59 ||    59
Invok: Berserk           |       |     1 |     2 |     7 ||    10
       Trog's Hand       |       |       |     3 |    10 ||    13
       Brothers in Arms  |       |       |     1 |     1 ||     2
Evoke: Wand              |       |       |     4 |    17 ||    21
  Use: Scroll            |       |       |     7 |     6 ||    13
       Potion            |       |       |       |     1 ||     1
 Stab: Sleeping          |       |     2 |       |       ||     2
       Paralysed         |       |       |       |     3 ||     3
Armor: Animal skin       |    27 |    41 |    77 |       ||   145
       Skin              |       |     4 |    40 |       ||    44
       Steam dragon scal |       |       |    24 |   231 ||   255
       Plate armour      |       |       |       |   105 ||   105
Dodge: Dodged            |    65 |    65 |   139 |   338 ||   607
